 Dungeon Crawl Stone Soup version 0.27-a0-898-g810843a28d (webtiles) character file.

Game seed: 14942236673053147207

47 Alarkh the Insei (level 3, -1/28 HPs)
             Began as a Demonspawn Gladiator on Apr 5, 2021.
             Slain by Natasha (4 damage)
             ... on level 2 of the Dungeon.
             The game lasted 00:01:30 (1625 turns).

Alarkh the Insei (Demonspawn Gladiator)             Turns: 1625, Time: 00:01:31

Health: -1/28      AC:  5    Str: 14    XL:     3   Next: 48%
Magic:  3/3        EV: 12    Int: 10    God:
Gold:   28         SH:  0    Dex: 14    Spells: 2/2 levels left

rFire    . . .     SeeInvis .     - Unarmed
rCold    . . .     Faith    .   (no shield)
rNeg     . . .     Spirit   .   a - +0 leather armour
rPois    .         Reflect  .   b - +0 helmet
rElec    .         Harm     .   e - +0 cloak
rCorr    .         Rampage  .   (no gloves)
Will     .....                  (no boots)
Stlth    +.........             g - amulet of magic regeneration
HPRegen  0.09/turn              (no ring)
MPRegen  0.33/turn              (no ring)

@: slowed, very slow
A: powered by death 1
a: no special abilities


You were on level 2 of the Dungeon.
You visited 1 branch of the dungeon, and saw 2 of its levels.

You collected 28 gold pieces.

Inventory:

Missiles
 c - 3 throwing nets (quivered)
Armour
 a - a +0 leather armour (worn)
 b - a +0 helmet (worn)
 e - a +0 cloak (worn)
Jewellery
 g - an amulet of magic regeneration (around neck)
Scrolls
 d - a scroll of enchant armour {unknown}
 f - 2 scrolls of identify {unknown}
 h - a scroll of fog {unknown}


   Skills:
 + Level 2.7 Fighting
 - Level 1.7 Throwing
 - Level 2.6 Dodging
 * Level 3.7 Unarmed Combat


You had 2 spell levels left.
You didn't know any spells.
Your spell library was empty.

Dungeon Overview and Level Annotations

Branches:
Dungeon (2/15)

Altars:

Annotations:
D:2 Natasha


Innate Abilities, Weirdness & Mutations

You regenerate a little health from kills.


Message History

A phantom comes into view.
The bat barely misses you. The bat barely misses you. The bat hits you.
Natasha, Servant of Life and Death comes into view.
Natasha hisses angrily.
The bat barely misses you. The bat hits you but does no damage.
Natasha stares at you and mumbles some strange words.
You feel yourself slow down. The bat misses you.
Natasha howls an incantation.
You feel troubled. The bat misses you. The bat hits you but does no damage.
Natasha howls an incantation.
Natasha's front paws start to glow.
The bat barely misses you. Natasha claws you.
The bat hits you but does no damage. The bat closely misses you.
Natasha barely misses you. Natasha claws you. The bat barely misses you.
The bat hits you but does no damage. The bat closely misses you.
The phantom hits you.
The phantom blinks!
You blink.
The bat closely misses you.
Okay, then.
You aren't carrying any potions.
You hit Natasha.
Natasha is moderately wounded.
The bat closely misses you. The phantom barely misses you.
Natasha completely misses you. The phantom barely misses you.
You closely miss Natasha. Your punch misses Natasha.
Natasha is moderately wounded.
The bat hits you. Natasha barely misses you. The phantom hits you.
* * * LOW HITPOINT WARNING * * *
Natasha claws you but does no damage.
You barely miss Natasha.
Natasha is moderately wounded.
The bat closely misses you. The phantom hits you.
* * * LOW HITPOINT WARNING * * *
Natasha claws you.
You die...

#....h..### ####..# .##
..###....# #..#####... ###
#.##.# ######........## #
#..#.# ##.. ...........# ##
#..#.###..####.......... .#
##....##.................
.###........................
.##....#....##..............
.##.<..#.....#)h@W..........
.......###...#..b...........
.......#....................
............#...............
.##.....##.##...............
###.....##.##...............
#....###.###....#...<..
#...## ... .....#.#... #.###
... .......#


You could see a phantom, Natasha and a bat.

Vanquished Creatures
  Natasha (D:2)
  2 dart slugs (D:1)
  An endoplasm (D:1)
  3 hobgoblins
  3 jackals (D:1)
  2 quokkas (D:1)
  2 ball pythons (D:2)
  3 frilled lizards
  A kobold (D:2)
18 creatures vanquished.

Notes
Turn   | Place    | Note
-------+----------+-------------------------------------------
     0 | D:1      | Alarkh the Demonspawn Gladiator began the quest for the
                  | Orb.
     0 | D:1      | Reached XP level 1. HP: 16/16 MP: 1/1
   153 | D:1      | Reached skill level 3 in Unarmed Combat
   359 | D:1      | Gained mutation: You regenerate a little health from kills.
                  | [demonic ancestry]
   359 | D:1      | Reached XP level 2. HP: 17/22 MP: 2/2
   698 | D:1      | Found a faded altar of an unknown god.
   824 | D:2      | HP: 1/23 [worm (11)]
  1210 | D:2      | Noticed Natasha
  1225 | D:2      | Noticed a crimson imp
  1298 | D:2      | Killed Natasha
  1299 | D:2      | Reached XP level 3. HP: 4/28 MP: 3/3
  1611 | D:2      | Noticed a phantom
  1613 | D:2      | Noticed Natasha
  1625 | D:2      | Slain by Natasha

Illustrated notes

Levels and vault maps discovered:
D:1:      eino_arrival_cavern_a, layout_rooms, basic_ecumenical_altar
D:2:      layout_rooms, chequers_serial_rivers_micro_c, minmay_misc_feat_chi,
          uniq_natasha

Skill      XL: |  1 |
---------------+----+-----
Unarmed Combat | 3 |  3.7
Fighting       | |  2.7
Throwing       | |  1.7
Dodging        | |  2.6

Action                   || total
-------------------------++-------
Melee: Unarmed           ||    95
       Punch             ||     1
Armor: Leather armour    ||    39
Dodge: Dodged            ||    83

Table legend: (Time is in decaauts)
 A = Elapsed time spent in this place.
 B = Non-inter-level travel time spent in this place.
 C = Inter-level travel time spent in this place.
 D = Time resting spent in this place.
 E = Time spent auto-exploring this place.
 F = Levels seen in this place.
 G = Mean time per level.
                   A        B        C        D        E       F      G
               +--------+--------+--------+--------+--------+-----+--------+
         Total |   1626 |   1567 |     59 |    959 |    386 |   2 |  813.0 |
       Dungeon |   1626 |   1567 |     59 |    959 |    386 |   2 |  813.0 |
               +--------+--------+--------+--------+--------+-----+--------+

Top non-repeatable levels by time:
     D:1: 1433 daAuts
     D:2: 193 daAuts
